 Dungeon Crawl Stone Soup version 0.28.0-43-g3370ac3207 (webtiles) character file.

Game seed: 4716707895785933974

1 diana the Vexing (level 1, -1/7 HPs)
             Began as a Felid Enchanter on Mar 27, 2022.
             Slain by a quokka (3 damage)
             ... on level 1 of the Dungeon.
             The game lasted 00:00:28 (28 turns).

diana the Vexing (Felid Enchanter)                    Turns: 28, Time: 00:00:29

Health: -1/7       AC:  1    Str:  4    XL:     1   Next: 16%
Magic:  4/4        EV: 17    Int: 16    God:
Gold:   13         SH:  0    Dex: 16    Spells: 4/4 levels left
                                        Lives:  0   Deaths: 0

rFire   . . .      SeeInvis +     - Unarmed
rCold   . . .      Faith    .   (shield unavailable)
rNeg    . . .      Spirit   .   (armour unavailable)
rPois   .          Reflect  .   (helmet unavailable)
rElec   .          Harm     .   (cloak unavailable)
rCorr   .          Rampage  .   (gloves unavailable)
Will    .....                   (boots unavailable)
Stlth   +++.......              (no amulet)
HPRegen 0.02/turn               (no ring)
MPRegen 0.09/turn               (no ring)

@: quick
A: very small, claws 1, fangs 3, see invisible, speed 1, shaggy fur 1, stealthy
paws, no weapons or thrown items, no armour, multi-lived
a: no special abilities


You were on level 1 of the Dungeon.
You visited 1 branch of the dungeon, and saw 1 of its levels.

You collected 13 gold pieces.

Inventory:

Scrolls
 b - a scroll of fog {unknown}
 c - a scroll of enchant armour {unknown}
 d - a scroll of identify {unknown}
Potions
 a - a potion of invisibility


   Skills:
 + Level 0.0 Fighting
 + Level 2.7 Dodging
 + Level 4.0 Stealth
 + Level 1.0 Unarmed Combat
 - Level 2.0 Spellcasting
 + Level 4.4 Hexes


You had 4 spell levels left.
You didn't know any spells.
Your spell library contained the following spells:

 Spells                   Type           Power      Damage    Failure   Level
 Confusing Touch          Hex            15%        N/A       10%         3
 Tukima's Dance           Hex            15%        N/A       10%         3
 Ensorcelled Hibernation  Hex/Ice        16%        N/A       13%         2
 Dazzling Flash           Conj/Hex       16%        N/A       26%         3


Dungeon Overview and Level Annotations

Branches:
Dungeon (1/15)

Altars:


Innate Abilities, Weirdness & Mutations

You have sharp claws.
You have razor-sharp teeth.
You have supernaturally acute eyesight. (SInv)
You cover ground quickly. (Speed+)
You are covered in fur. (AC +1)
Your paws help you pounce on unaware monsters.
You are incapable of wielding weapons or throwing items.
You cannot wear armour.
You gain extra lives every three experience levels.


Message History

Welcome, diana the Felid Enchanter.
It is said that the Orb of Zot exists deep within this dungeon.
Press ? for a list of commands and other information.
Found 13 gold pieces and a scroll labelled YGHYSA UQUNA.
Found a staircase leading out of the dungeon.
Found an escape hatch in the floor.
You now have 13 gold pieces.
b - a scroll labelled YGHYSA UQUNA
c - a scroll labelled AXIMIFE URORGH
d - a scroll labelled VOOLUL MUNN An endoplasm comes into view.
Found 10 stones.
An endoplasm is nearby!
A quokka comes into view.
Found a hand axe and 15 gold pieces.
Found a stone staircase leading down.
The helpless endoplasm fails to defend itself.
You claw the endoplasm!
You kill the endoplasm!
The quokka completely misses you.
You closely miss the quokka. The quokka bites you.
Ouch! That really hurt!
* * * LOW HITPOINT WARNING * * *
You scratch the quokka but do no damage.
The quokka barely misses you.
You scratch the quokka.
The quokka is lightly wounded.
The quokka bites you.
You die...

#$. (.###...###..... ..
#......#......<#..... .
#.)....#.......#...#
#.#..##.............#
#.#..##......#......#
#....##.............#
#####.......#.......#...#
........r...#>......#...#
####.#.#@..###...###...#
#...##.............##
##..##.............#
..>.###...###...###
####.......# ####
#########


You could see a quokka.

Vanquished Creatures
  An endoplasm (D:1)
1 creature vanquished.

Notes
Turn   | Place    | Note
-------+----------+-------------------------------------------
     0 | D:1      | diana the Felid Enchanter began the quest for the Orb.
     0 | D:1      | Reached XP level 1. HP: 7/7 MP: 4/4
    28 | D:1      | Slain by a quokka

Illustrated notes

Levels and vault maps discovered:
D:1:      minmay_arrival_open_corners, layout_basic, serial_shops, shop, shop,
          shop, ebering_ecumenical_altar_mist, amcnicky_mini_corridor_feature

Action                   || total
-------------------------++-------
Melee: Unarmed           ||     4
 Stab: Sleeping          ||     1
Dodge: Dodged            ||     2
